Map: Ultralove

Players

Carnivor

  • Race: Protoss Protoss
  • League: Master
  • Spawn Location: 1:00

ManlyManMeat

  • Race: Zerg Zerg
  • League: Diamond
  • Spawn Location: 7:00

VOD

Have the link to the VOD?

Description

Time

  • Played on: July 7, 2025, 10:28 a.m.
  • Length: 10:52
Show
View Real Time Build Order
Export as new Build Order

Carnivor Protoss 

Build Orders: 1 Gate Expand 

Get SALT Encoding   

  12  0:00  Probe  
  13  0:12  Probe  
  14  0:20  Pylon  
  14  0:24  Probe  
  15  0:35  Probe  
  16  0:43  Probe  
  16  0:44  Gateway  
  17  0:53  Probe  
  18  1:05  Probe  
  18  1:11  Assimilator  
  18  1:17  Probe  
  19  1:27  Nexus  
  19  1:40  Cybernetics Core  
  19  1:46  Probe  
  20  1:49  Gateway  
  20  1:56  Assimilator  
  20  1:58  Probe  
  21  2:03  Pylon  
  21  2:11  Probe  
  21  2:13  Adept  
  22  2:16  Warp Gate  
  24  2:23  Probe  
  24  2:29  Pylon  
  25  2:30  Adept  
  25  2:35  Probe, Adept  
  28  2:40  Probe  
  31  2:50  Probe  
  32  2:52  Probe  
  32  2:53  Stalker  
  35  3:08  Stalker  
  35  3:09  Probe x2  
  39  3:22  Probe x2  
  41  3:34  Probe x2  
  41  3:45  Probe x2  
  41  3:48  Stargate  
  39  3:50  Stargate  
  39  3:53  Probe x2  
  39  4:01  Probe x2  
  41  4:03  Assimilator  
  41  4:05  Assimilator  
  41  4:06  Pylon  
  43  4:12  Probe x2  
  45  4:19  Adept, Zealot  
  49  4:24  Probe x2  
  51  4:36  Probe  
  51  4:37  Probe, Void Ray  
  61  4:38  Void Ray  
  61  4:41  Pylon  
  61  4:47  Pylon  
  61  4:51  Probe  
  62  4:59  Probe  
  63  5:02  Adept  
  63  5:05  Adept  
  63  5:13  Void Ray  
  63  5:15  Void Ray  
  71  5:25  Probe x2  
  72  5:44  Probe x2  
  72  5:48  Pylon  
  74  5:50  Nexus  
  74  5:52  Pylon  
  74  5:54  Assimilator  
  74  5:56  Protoss Air Weapons Level 1  
  78  5:58  Assimilator  
  78  6:00  Void Ray  
  78  6:06  Probe x2  
  80  6:19  Probe x2  
  86  6:27  Stargate  
  86  6:28  Void Ray  
  86  6:31  Probe x2  
  92  6:43  Probe x2, Void Ray  
  80  6:59  Probe x2  
  77  7:02  Probe  
  77  7:07  Probe  
  77  7:08  Probe  
  66  7:14  Probe  
  77  7:16  Probe  
  77  7:17  Probe  
  77  7:19  Void Ray  
  77  7:21  Void Ray  
  77  7:22  Probe  
  79  7:25  Probe  
  79  7:28  Probe  
  82  7:30  Probe  
  82  7:33  Probe  
  82  7:35  Adept x2  
  91  7:40  Probe x2  
  91  7:43  Void Ray  
  94  7:46  Pylon  
  94  7:50  Pylon  
  94  7:52  Pylon  
  86  8:26  Adept x2  
  78  8:49  Void Ray x2  
  78  8:50  Void Ray  
  78  8:53  Stargate, Probe x3  
  81  9:05  Probe x3  
  72  9:17  Probe  
  77  9:32  Void Ray  
  77  9:33  Probe  
  77  9:34  Probe x2  
  72  9:46  Probe x3  
  79  9:57  Void Ray  
  79  10:06  Probe x3  
  82  10:14  Probe x3  
  89  10:23  Probe  
Show
View Real Time Build Order
Export as new Build Order

ManlyManMeat Zerg 

Build Orders: Hatch First 

Get SALT Encoding   

  12  0:00  Drone  
  13  0:08  Drone  
  13  0:14  Extractor  
  13  0:15  Drone  
  15  0:21  Overlord  
  15  0:40  Drone  
  16  0:46  Hatchery  
  15  0:55  Drone x2  
  17  0:57  Drone  
  18  1:07  Drone  
  19  1:11  Extractor  
  18  1:22  Spawning Pool  
  17  1:38  Drone x2  
  19  1:42  Drone  
  20  1:54  Overlord  
  20  2:00  Drone  
  21  2:05  Hatchery  
  20  2:14  Queen  
  22  2:24  Queen  
  24  2:34  Drone  
  24  2:35  Drone  
  24  2:36  Zergling x4  
  28  2:47  Drone x4  
  32  3:00  Queen  
  32  3:04  Overlord  
  34  3:06  Overlord  
  34  3:12  Zergling x4  
  36  3:17  Zergling x2  
  36  3:19  Zergling x4  
  39  3:28  Zergling x8  
  42  3:44  Drone x5  
  42  3:45  Drone  
  46  3:56  Baneling Nest, Drone  
  46  3:57  Metabolic Boost  
  46  4:10  Spore Crawler  
  46  4:11  Spore Crawler  
  46  4:12  Drone  
  46  4:13  Drone x2  
  46  4:14  Drone x2  
  46  4:16  Drone x3  
  52  4:18  Drone x2, Extractor  
  52  4:21  Overlord  
  53  4:41  Baneling x3  
  53  4:43  Baneling  
  53  4:46  Hatchery  
  53  4:48  Extractor  
  53  4:49  Extractor  
  53  4:52  Queen x2  
  51  5:10  Drone  
  51  5:11  Drone x4  
  51  5:12  Drone, Overlord x5  
  57  5:23  Drone  
  56  5:38  Lair  
  56  5:44  Zergling x6  
  56  5:45  Zergling x26  
  72  5:54  Drone x2  
  72  5:55  Drone  
  72  5:56  Drone x2  
  77  5:57  Drone x2  
  77  6:01  Spore Crawler  
  77  6:03  Spore Crawler  
  77  6:13  Evolution Chamber  
  77  6:16  Baneling x7  
  75  6:20  Overlord x2  
  75  6:21  Overlord  
  67  6:58  Zerg Missile Weapons Level 1  
  67  6:59  Hydralisk Den  
  62  7:03  Evolution Chamber  
  55  7:25  Zergling x16  
  55  7:26  Zergling x2  
  55  7:29  Hydralisk x6, Grooved Spines  
  64  7:30  Hydralisk x8  
  92  7:41  Zergling x14  
  91  8:11  Hydralisk x8  
  101  8:19  Muscular Augments  
  93  8:22  Hydralisk x3  
  88  8:31  Hydralisk x2  
  89  8:37  Hydralisk  
  80  8:45  Hydralisk x2  
  80  8:56  Drone x4, Hydralisk x2  
  82  9:08  Hydralisk x3  
  78  9:16  Hydralisk  
  73  9:17  Hydralisk  
  73  9:22  Hydralisk  
  76  9:28  Hydralisk  
  73  9:48  Queen  
  73  9:49  Queen  
  73  9:50  Queen  
  76  9:53  Extractor x2  
  74  10:00  Zergling x8  
  74  10:01  Zergling x16, Hydralisk Den  
Tags
 
Add a new tag
Caveats
  • Supply blocks, unpowered buildings, or Contaminate may cause inaccurate times.
  • Supply counts are checked every 10 seconds.